 Dungeon Crawl Stone Soup version 0.16-a0-2839-gd16e107 (webtiles) character file.

196 M4edhros the Sneak (level 5, -2/33 HPs)
             Began as an Octopode Artificer on Oct 9, 2014.
             Was a Plaything of Xom.
             Slain by an ogre
             ... wielding a +0 giant club
              (14 damage)
             ... on level 5 of the Dungeon on Nov 29, 2014.
             The game lasted 00:07:49 (2599 turns).

M4edhros the Sneak (Octopode Artificer)             Turns: 2599, Time: 00:07:49

Health: -2/33      AC:  1    Str: 10    XL:     5   Next: 74%
Magic:  7/7        EV: 11    Int: 14    God:    Xom [*.....]
Gold:   120        SH:  0    Dex: 14    Spells: 0 memorised, 4 levels left

rFire  . . .     SeeInvis .     q - +6 club
rCold  . . .     Clarity  .     o - +0 buckler
rNeg   . . .     SustAb   .     (helmet restricted)
rPois  .         Gourm    .     (no amulet)
rElec  .         Spirit   .     p - ring of stealth
rCorr  .         Warding  .     (no ring)
rMut   .         Stasis   .     (no ring)
MR     .....                    (no ring)
Stlth  ++++......               (no ring)
                                (no ring)
                                (no ring)
                                (no ring)

@: confused, not resistant to hostile enchantments, stealthy
A: almost no armour, amphibious, 8 rings, constrict 8, camouflage 1, gelatinous
body 1
a: Renounce Religion


You were on level 5 of the Dungeon.
You worshipped Xom.
You were a special plaything of Xom.
You were not hungry.

You visited 1 branch of the dungeon, and saw 5 of its levels.

You collected 120 gold pieces.

Inventory:

Hand weapons
 g - a +0 hunting sling
 h - a +0 hunting sling
 q - a +6 club (weapon)
 r - a +2 dagger of venom
Missiles
 i - 130 stones (quivered)
Armour
 o - a +0 buckler (worn)
Jewellery
 p - a ring of stealth (left tentacle)
Magical devices
 b - a wand of flame (8)
 c - a wand of enslavement (9)
 d - a wand of random effects (14)
 k - a wand of frost (20)
 l - a wand of cold (2)
Scrolls
 e - a scroll of enchant weapon {unknown}
 j - 2 scrolls of fear {unknown}
 n - a scroll of teleportation {unknown}
Potions
 a - a potion of heal wounds {unknown}
 s - 2 potions of agility {unknown}
Comestibles
 f - 3 bread rations
 m - 2 beef jerkies


   Skills:
 - Level 1.0 Fighting
 - Level 1.0 Short Blades
 - Level 2.0 Dodging
 + Level 7.9 Stealth
 - Level 3.2 Evocations


You had 4 spell levels left.
You didn't know any spells.

Dungeon Overview and Level Annotations

Branches:
Dungeon (5/15)
 Temple: D:4-7

Altars:
Sif Muna
Vehumet
Xom

Shops:
D:4 *

Annotations:
D:3 HAL9000's ghost, average VSEn
D:5 exclusion: black bear


Innate Abilities, Weirdness & Mutations

You cannot wear most types of armour.
You are amphibious.
You can wear up to eight rings at the same time.
You can use your tentacles to constrict many enemies at once.
Your skin changes colour to match your surroundings (Stealth).
Your rubbery body absorbs attacks (AC +1).


Message History

Drink which item? (? for menu, Esc to quit)
Okay, then.
Evoke which item? (* to show all) (? for menu, Esc to quit)
Zapping:
c - a wand of enslavement (11)
Press: ? - help, Shift-Dir - straight line, f - ogre
Aim: an ogre, wielding a giant club (lightly wounded) Nothing appears to happen.
This wand has 10 charges left.
The ogre barely misses you.
Evoke which item? (* to show all) (? for menu, Esc to quit)
Zapping:
c - a wand of enslavement (10)
Press: ? - help, Shift-Dir - straight line, f/p - ogre
Aim: an ogre, wielding a giant club (lightly wounded) Nothing appears to happen.
This wand has 9 charges left.
The ogre closely misses you.
A goblin comes into view. It is wielding a dagger.
You're too confused to move!
You bump into the rock wall.
The ogre barely misses you. The ogre hits you with a giant club!
You die...
Xom chuckles heartily!

........##.....# # #.$.#.....
...##.#.####...# #.#.#..###
......#.####...# #.#......#
.....##........# #.......##
...#.##.####..)#########.###
........# #.)..)..........#
.......#####...####..###...#
..............)>......#....#
................@.......#........
.................O....####.###..
..#.##.###.#....###..## .#
..#.##.# #.#...........g .#
#......# #.#....######## .#
###.#### #.#....# ....# #.#....#
##### #......# # ####...##


You could see an ogre and a goblin (sleeping).

Vanquished Creatures
  A scorpion (D:5)
  A centaur skeleton (D:5)
  Ijyb (D:2)
  A gnoll (D:5)
  A giant mite (D:2)
  An ooze (D:1)
  2 orcs (D:5)
  7 hobgoblins
  2 quokkas
  A ball python (D:3)
  A bat (D:2)
  A giant cockroach (D:2)
  2 giant newts
  5 goblins
  6 kobolds
  20 rats
53 creatures vanquished.

Vanquished Creatures (collateral kills)
  A gnoll shaman (D:5)
  An orc wizard (D:4)
  A gnoll (D:5)
  2 orcs
5 creatures vanquished.

Vanquished Creatures (others)
  An iguana (D:5)
1 creature vanquished.

Grand Total: 59 creatures vanquished

Notes
Turn   | Place    | Note
--------------------------------------------------------------
     0 | D:1      | M4edhros, the Octopode Artificer, began the quest for the Orb.
     0 | D:1      | Reached XP level 1. HP: 13/13 MP: 1/1
   145 | D:1      | Reached XP level 2. HP: 9/18 MP: 3/3
   700 | D:2      | Reached skill level 4 in Stealth
   933 | D:2      | Reached XP level 3. HP: 23/23 MP: 4/4
  1021 | D:2      | Found a deep blue altar of Sif Muna.
  1021 | D:2      | Noticed Ijyb
  1034 | D:2      | Killed Ijyb
  1037 | D:2      | Upgraded the game from 0.16-a0-1167-g3157814 to 0.16-a0-2839-gd16e107
  1227 | D:2      | Reached skill level 5 in Stealth
  1496 | D:3      | Found a shimmering altar of Xom.
  1497 | D:3      | Noticed HAL9000's ghost (average VSEn)
  1499 | D:3      | Became a worshipper of Xom of Chaos
  1576 | D:3      | Found a radiant altar of Vehumet.
  1629 | D:4      | XOM: silly message
  1640 | D:4      | Reached XP level 4. HP: 25/28 MP: 6/6
  1662 | D:4      | XOM: harmless Tloc miscast
  1742 | D:4      | Noticed an orc warrior
  1749 | D:4      | Found Qoiloit's Assorted Antiques.
  1761 | D:5      | Entered Level 5 of the Dungeon
  1772 | D:5      | XOM: silly message
  1917 | D:5      | Reached skill level 6 in Stealth
  2033 | D:5      | Noticed a black bear
  2087 | D:5      | Reached skill level 7 in Stealth
  2087 | D:5      | Reached XP level 5. HP: 23/33 MP: 7/7
  2251 | D:5      | XOM: 2-stop teleportation journey
  2288 | D:5      | XOM: mild Divn miscast
  2428 | D:5      | XOM: mild Pois miscast
  2550 | D:5      | XOM: harmless Chrm miscast
  2572 | D:5      | Noticed an ogre
  2589 | D:5      | XOM: confusion
  2599 | D:5      | Slain by an ogre

Action                   |  1- 3 |  4- 6 || total
-------------------------+-------+-------++-------
Melee: Short sword       |    63 |       ||    63
       Club              |     8 |    32 ||    40
Evoke: Wand              |     6 |     8 ||    14
  Use: Potion            |     5 |       ||     5
 Stab: Sleeping          |     8 |     6 ||    14
       Confused          |       |     1 ||     1
       Paralysed         |       |     1 ||     1
  Eat: Chunk             |     1 |     4 ||     5
